AoeStats
← Abetterhandle

Fortress

510056119Analyzed
4v4 RM · 3d ago on Sep 29, 2026· 51m 13s· 8 players
Game mode
Random Map
Map size
Huge
Population
200
Speed
Normal
Resources
Standard
Victory
Conquest
Starting age
Dark Age
Ending age
Imperial Age
RankedLock teamsTeams togetherTeam positionsShared explorationLock speedFull tech treeHidden civsTurbo modeCheats
Victory
Defeat
🇫🇷 Vietnamese · France
1022
+12
1010
+12
🇳🇿 Celts · New Zealand
906
+16
🇵🇪 Teutons · Peru
825
+19
🇬🇧 Jurchens · United Kingdom
947
-16
929
-15
🇺🇸 Danes · United States
927
-15
🇹🇷 Berbers · Türkiye
859
-13
shabolobodingdong
6:02 Loom
8:14 Feudal Age
9:29 Double-Bit Axe
9:28 Horse Collar
9:43 Gold Mining
13:37 Castle Age
13:11 Stone Mining
18:01 Gambesons
18:17 Squires
18:02 Arson
20:04 Scale Mail Armor
20:14 Forging
20:27 Bow Saw
22:28 Hamask
27:52 Imperial Age
32:45 Gold Shaft Mining
33:08 Conscription
33:42 Onager
35:06 Elite Varangian Guard
36:16 Chain Mail Armor
37:32 Elite Skirmisher
40:01 Wheelbarrow
Thats How We do action in Uganda
3:30 Loom
11:25 Feudal Age
12:41 Horse Collar
16:22 Castle Age
14:11 Double-Bit Axe
14:52 Gold Mining
18:02 Bow Saw
17:56 Heavy Plow
18:07 Nomads
19:34 Wheelbarrow
18:45 Town Watch
20:06 Gold Shaft Mining
21:07 Hand Cart
27:40 Imperial Age
25:22 Stone Mining
26:16 Ballistics
26:49 Stone Shaft Mining
26:55 Thumb Ring
27:02 Fletching
27:13 Padded Archer Armor
27:45 Bloodlines
28:10 Husbandry
28:08 Bodkin Arrow
30:32 Leather Archer Armor
30:18 Bracer
30:54 Conscription
32:29 Chemistry
32:36 Elite Mangudai
34:31 Caravan
35:06 Parthian Tactics
34:40 Murder Holes
36:59 Elite Genitour
43:48 Scale Barding Armor
43:54 Forging
43:56 Masonry
43:59 Fortified Wall
47:32 Chain Barding Armor
47:48 Iron Casting
46:36 Light Cavalry
Toytatın Şimşeği
8:11 Feudal Age
9:43 Horse Collar
12:56 Castle Age
11:16 Double-Bit Axe
14:00 Heavy Plow
14:51 Bow Saw
15:00 Gold Mining
20:45 Kasbah
24:12 Scale Barding Armor
24:04 Fletching
24:25 Forging
24:15 Padded Archer Armor
25:26 Gold Shaft Mining
25:32 Wheelbarrow
27:29 Imperial Age
25:29 Husbandry
25:43 Bloodlines
26:21 Chain Barding Armor
25:57 Bodkin Arrow
26:48 Hand Cart
26:24 Loom
28:36 Stone Mining
30:23 Heavy Camel Rider
31:21 Elite Camel Archer
32:46 Plate Barding Armor
32:28 Leather Archer Armor
32:13 Bracer
34:30 Iron Casting
36:02 Chemistry
36:18 Ballistics
37:19 Ring Archer Armor
43:07 Stone Shaft Mining
43:27 Maghrebi Camels
48:07 Conscription
Nofootstepsafe
0:46 Loom
8:03 Feudal Age
8:44 Double-Bit Axe
8:43 Horse Collar
13:48 Castle Age
27:11 Imperial Age
26:32 Gold Mining
26:32 Stone Mining
28:22 Gold Shaft Mining
29:07 Chemistry
29:19 Ballistics
28:44 Arrowslits
34:06 Bow Saw
34:44 Conscription
37:48 Scale Barding Armor
37:54 Forging
41:35 Town Watch
42:26 Wheelbarrow
45:49 Heavy Scorpion
JOY BOY
0:48 Loom
7:40 Feudal Age
12:07 Castle Age
9:47 Man-at-Arms
11:13 Double-Bit Axe
12:17 Horse Collar
14:28 Bow Saw
17:21 Wheelbarrow
18:56 Fletching
20:17 Gold Mining
21:08 Scale Mail Armor
23:09 Forging
25:49 Iron Casting
25:29 Chain Mail Armor
26:33 Hand Cart
26:20 Heavy Plow
31:42 Imperial Age
33:54 Two-Man Saw
34:04 Blast Furnace
33:34 Plate Mail Armor
33:40 Gambesons
33:55 Squires
33:41 Arson
35:58 Ironclad
36:33 Stone Mining
37:19 Crop Rotation
37:32 Conscription
39:01 Scale Barding Armor
39:29 Cavalier
40:20 Bloodlines
43:49 Chain Barding Armor
45:55 Capped Ram
49:27 Plate Barding Armor
49:02 Caravan
49:22 Paladin
MrBigPotato
6:41 Feudal Age
11:29 Castle Age
9:48 Double-Bit Axe
9:58 Horse Collar
12:36 Bow Saw
13:48 Heavy Plow
17:11 Wheelbarrow
17:52 Hand Cart
18:52 Town Watch
19:46 Gold Mining
19:49 Stone Mining
23:44 Imperial Age
21:30 Fletching
21:43 Padded Archer Armor
22:15 Thumb Ring
22:33 Crossbowman
23:12 Bodkin Arrow
23:56 Ballistics
23:54 Leather Archer Armor
23:27 Elite Skirmisher
25:54 Chemistry
26:12 Two-Man Saw
25:26 Arbalester
27:29 Crop Rotation
27:45 Bracer
27:23 Pikeman
30:55 Ring Archer Armor
30:36 Forging
29:51 Imperial Skirmisher
30:53 Fortified Wall
32:07 Squires
32:24 Halberdier
39:04 Caravan
43:29 Siege Engineers
43:52 Paper Money
42:53 Elite Rattan Archer
44:39 Iron Casting
44:04 Scale Mail Armor
43:52 Arson
50:48 Capped Ram
Abetterhandle
1:21 Loom
8:30 Feudal Age
10:03 Double-Bit Axe
13:05 Gold Mining
15:21 Castle Age
13:55 Forging
13:54 Horse Collar
16:44 Bow Saw
16:38 Heavy Plow
19:02 Scale Mail Armor
29:05 Imperial Age
26:20 Town Watch
26:50 Stone Mining
28:30 Stronghold
29:23 Iron Casting
30:10 Chain Mail Armor
29:48 Fletching
35:55 Plate Mail Armor
37:26 Blast Furnace
37:54 Onager
41:08 Pikeman
44:05 Wheelbarrow
44:08 Halberdier
46:36 Siege Onager
48:53 Gambesons
49:23 Heavy Scorpion
大汉忠臣曹孟德
7:36 Feudal Age
8:29 Double-Bit Axe
8:52 Loom
11:43 Castle Age
18:18 Horse Collar
22:15 Wheelbarrow
21:25 Town Watch
23:23 Bow Saw
23:04 Stone Mining
23:05 Gold Mining
23:40 Heavy Plow
24:51 Stone Shaft Mining
28:01 Imperial Age
25:48 Svan Towers
25:50 Padded Archer Armor
26:02 Forging
25:57 Scale Barding Armor
25:44 Guard Tower
27:26 Hand Cart
27:20 Fletching
28:08 Iron Casting
27:56 Ballistics
27:46 Masonry
27:47 Fortified Wall
28:14 Bloodlines
28:05 Husbandry
27:25 Light Cavalry
28:51 Bodkin Arrow
29:17 Chain Barding Armor
28:23 Cavalier
30:10 Keep
30:21 Conscription
31:05 Guilds
31:49 Elite Monaspa
32:52 Bracer
33:28 Plate Barding Armor
33:53 Blast Furnace
34:30 Arrowslits
35:46 Chemistry
35:17 Architecture
34:53 Siege Engineers
34:30 Treadmill Crane
36:19 Hussar
39:04 Leather Archer Armor
38:50 Scale Mail Armor
43:41 Theocracy
43:17 Redemption
43:56 Careening
43:57 Clinker Construction
46:53 Town Patrol
48:56 Aznauri Cavalry
49:27 Hoardings
Connection lost

Rejoining the realm…

Still unreachable

The connection could not be restored.

Session expired

The server has moved on; the page needs a fresh start.